| TOP OF THE 1ST |
|
Philadelphia (APP) Phillies batting - Pitching for Missoula Osprey : RHP John Meyer
|
|
Pitching: RHP John Meyer
|
|
|
Batting: RHB Tony Perez
|
0-0: Foul Ball, location: 2F 0-1: Foul Ball, location: 2F 0-2: SINGLE (Groundball, 4M, EV 106.2 MPH) (infield hit)
|
|
Batting: RHB Gary Sampson
|
0-0: Ball 1-0: Called Strike 1-1: Called Strike 1-2: Fly out, F8 (Flyball, 8RD, EV 93.1 MPH)
|
|
Batting: LHB Joel Moore
|
0-0: Called Strike 0-1: Fielders Choice at 2nd, 1-4 (Groundball, 15S, EV 64.4 MPH)
|
|
Batting: RHB Allen Gravel
|
0-0: Called Strike 0-1: Ball 1-1: Foul Ball, location: 2F 1-2: Strikes out swinging
|
| Top of the 1st over - 0 runs, 1 hit, 0 errors, 1 left on base; Philadelphia (APP) 0 - Missoula 0 |
| BOTTOM OF THE 1ST |
|
Missoula Osprey batting - Pitching for Philadelphia (APP) Phillies : RHP Gregorio Padilla
|
|
Pitching: RHP Gregorio Padilla
|
|
|
Batting: RHB D.J. Cooke
|
0-0: Ball 1-0: Ball 2-0: Swinging Strike 2-1: Swinging Strike 2-2: Foul Ball, location: 2F 2-2: Ball 3-2: Foul Ball, location: 2F 3-2: DOUBLE (Flyball, 8LXD, EV 104.4 MPH)
|
|
Batting: RHB Orlando Florez
|
0-0: Fly out, F7 (Flyball, 7, EV 71.9 MPH)
|
|
Batting: SHB Ed Vargas
|
0-0: Called Strike 0-1: Ball 1-1: Foul Ball, location: 2F 1-2: Fly out, F6 (Line Drive, 6M, EV 72.5 MPH)
|
|
Batting: RHB Mike Swift
|
0-0: Ball 1-0: Ball 2-0: Ball 3-0: Called Strike 3-1: Base on Balls
|
|
Batting: LHB Dallas Kelly
|
0-0: Ball 1-0: Foul Ball, location: 2F 1-1: Swinging Strike 1-2: Strikes out swinging
|
| Bottom of the 1st over - 0 runs, 1 hit, 0 errors, 2 left on base; Philadelphia (APP) 0 - Missoula 0 |
| TOP OF THE 2ND |
|
Philadelphia (APP) Phillies batting - Pitching for Missoula Osprey : RHP John Meyer
|
|
Batting: RHB Mike Bell
|
0-0: Called Strike 0-1: Ball 1-1: Ball 2-1: Foul Ball, location: 2F 2-2: Foul Ball, location: 2F 2-2: Ball 3-2: Strikes out swinging
|
|
Batting: RHB Zach Slot
|
0-0: Called Strike 0-1: Ball 1-1: Called Strike 1-2: Strikes out swinging
|
|
Batting: LHB Emilio Ortez
|
0-0: Called Strike 0-1: Ball 1-1: Foul Ball, location: 2F 1-2: Strikes out looking
|
| Top of the 2nd over - 0 runs, 0 hits, 0 errors, 0 left on base; Philadelphia (APP) 0 - Missoula 0 |
| BOTTOM OF THE 2ND |
|
Missoula Osprey batting - Pitching for Philadelphia (APP) Phillies : RHP Gregorio Padilla
|
|
Batting: LHB Josh Thomas
|
0-0: Called Strike 0-1: Foul Ball, location: 2F 0-2: Strikes out swinging
|
|
Batting: SHB Ethan Newby
|
0-0: Ground out 6-3 (Groundball, P, EV 82.5 MPH)
|
|
Batting: RHB Zach Espinosa
|
0-0: Ball 1-0: Foul Ball, location: 2F 1-1: Foul Ball, location: 2F 1-2: Ball 2-2: Foul Ball, location: 2F 2-2: Foul Ball, location: 2F 2-2: Strikes out looking
|
| Bottom of the 2nd over - 0 runs, 0 hits, 0 errors, 0 left on base; Philadelphia (APP) 0 - Missoula 0 |
| TOP OF THE 3RD |
|
Philadelphia (APP) Phillies batting - Pitching for Missoula Osprey : RHP John Meyer
|
|
Batting: RHB Lee Wright
|
0-0: Ball 1-0: Ball 2-0: Ground out 6-3 (Groundball, 6, EV 92.5 MPH)
|
|
Batting: LHB Jesse Haught
|
0-0: Ground out 4-3 (Groundball, 4, EV 83.1 MPH)
|
|
Batting: RHB Tony Perez
|
0-0: Swinging Strike 0-1: Called Strike 0-2: Foul Ball, location: 2F 0-2: Strikes out looking
|
| Top of the 3rd over - 0 runs, 0 hits, 0 errors, 0 left on base; Philadelphia (APP) 0 - Missoula 0 |
| BOTTOM OF THE 3RD |
|
Missoula Osprey batting - Pitching for Philadelphia (APP) Phillies : RHP Gregorio Padilla
|
|
Batting: RHB Matt Bailey
|
0-0: Called Strike 0-1: Foul Ball, location: 2F 0-2: Ball 1-2: Ball 2-2: Strikes out swinging
|
|
Batting: RHB D.J. Cooke
|
0-0: Ball 1-0: Called Strike 1-1: Foul Ball, location: 2F 1-2: Strikes out swinging
|
|
Batting: RHB Orlando Florez
|
0-0: Ball 1-0: Ground out 1-3 (Groundball, 13S, EV 66.2 MPH)
|
| Bottom of the 3rd over - 0 runs, 0 hits, 0 errors, 0 left on base; Philadelphia (APP) 0 - Missoula 0 |
| TOP OF THE 4TH |
|
Philadelphia (APP) Phillies batting - Pitching for Missoula Osprey : RHP John Meyer
|
|
Batting: RHB Gary Sampson
|
0-0: Ball 1-0: Foul Ball, location: 2F 1-1: Ball 2-1: Swinging Strike 2-2: Foul Ball, location: 2F 2-2: Foul Ball, location: 2F 2-2: Ball 3-2: Foul Ball, location: 2F 3-2: Foul Ball, location: 2F 3-2: Base on Balls
|
|
Batting: LHB Joel Moore
|
0-0: Foul Ball, location: 2F 0-1: Fielders Choice at 2nd, 4-6 (Groundball, 4S, EV 87.5 MPH)
|
|
Batting: RHB Allen Gravel
|
0-0: Called Strike 0-1: Ball 1-1: Foul Ball, location: 2F 1-2: Foul Ball, location: 2F 1-2: Fly out, F9 (Flyball, 89M, EV 90.0 MPH)
|
|
Batting: RHB Mike Bell
|
0-0: Ball 1-0: 2-RUN HOME RUN (Flyball, 78XD, EV 96.9 MPH), Distance : 383 ft
|
|
Batting: RHB Zach Slot
|
0-0: Called Strike 0-1: Called Strike 0-2: Ground out 6-3 (Groundball, 56, EV 103.1 MPH)
|
| Top of the 4th over - 2 runs, 1 hit, 0 errors, 0 left on base; Philadelphia (APP) 2 - Missoula 0 |
| BOTTOM OF THE 4TH |
|
Missoula Osprey batting - Pitching for Philadelphia (APP) Phillies : RHP Gregorio Padilla
|
|
Batting: SHB Ed Vargas
|
0-0: Called Strike 0-1: Ball 1-1: Ball 2-1: Ball 3-1: Foul Ball, location: 2F 3-2: Base on Balls
|
|
Batting: RHB Mike Swift
|
0-0: 2-RUN HOME RUN (Flyball, 7D, EV 94.4 MPH), Distance : 343 ft
|
|
Batting: LHB Dallas Kelly
|
0-0: Called Strike 0-1: Ball 1-1: Ball 2-1: Fly out, F7 (Flyball, 78S, EV 96.2 MPH)
|
|
Batting: LHB Josh Thomas
|
0-0: Swinging Strike 0-1: Ball 1-1: Called Strike 1-2: Strikes out swinging
|
|
Batting: SHB Ethan Newby
|
0-0: Ball 1-0: Ball 2-0: Called Strike 2-1: Ball 3-1: Base on Balls
|
|
Batting: RHB Zach Espinosa
|
0-0: Ball 1-0: Called Strike 1-1: Swinging Strike 1-2: Ball 2-2: Ball 3-2: Base on Balls Ethan Newby to second
|
|
Pitching: RHP Manny Campos
|
|
|
Batting: RHB Matt Bailey
|
0-0: SINGLE (Groundball, 5, EV 95.6 MPH) Ethan Newby to third Zach Espinosa to second Runner from 3rd tries for Home, SAFE, throw by LF to home
|
|
Batting: RHB D.J. Cooke
|
0-0: Swinging Strike 0-1: Ground out 4-3 (Groundball, 4, EV 81.2 MPH)
|
| Bottom of the 4th over - 3 runs, 2 hits, 0 errors, 2 left on base; Philadelphia (APP) 2 - Missoula 3 |
| TOP OF THE 5TH |
|
Philadelphia (APP) Phillies batting - Pitching for Missoula Osprey : RHP John Meyer
|
|
Batting: LHB Emilio Ortez
|
0-0: Called Strike 0-1: Ball 1-1: DOUBLE (Line Drive, 9LS, EV 110.6 MPH)
|
|
Batting: RHB Lee Wright
|
0-0: Called Strike 0-1: Ball 1-1: Ball 2-1: Swinging Strike 2-2: Strikes out swinging
|
|
Batting: LHB Jesse Haught
|
0-0: Ball 1-0: Ball 2-0: Ball Passed Ball! Emilio Ortez to third 3-0: Base on Balls
|
|
Batting: RHB Tony Perez
|
0-0: Called Strike 0-1: Called Strike 0-2: Strikes out looking Jesse Haught steals 2nd base Batter strikes out.
|
|
Batting: RHB Gary Sampson
|
0-0: Ball 1-0: Ball 2-0: Ball 3-0: Foul Ball, location: 2F 3-1: Base on Balls
|
|
Batting: LHB Joel Moore
|
0-0: Swinging Strike 0-1: Called Strike 0-2: Ball 1-2: Ball 2-2: Fielders Choice at 2nd, 6-4 (Groundball, 6, EV 81.2 MPH)
|
| Top of the 5th over - 0 runs, 1 hit, 0 errors, 3 left on base; Philadelphia (APP) 2 - Missoula 3 |
| BOTTOM OF THE 5TH |
|
Missoula Osprey batting - Pitching for Philadelphia (APP) Phillies : RHP Manny Campos
|
|
Batting: RHB Orlando Florez
|
0-0: Called Strike 0-1: Called Strike 0-2: Foul Ball, location: 2F 0-2: Ball 1-2: Ball 2-2: Strikes out looking
|
|
Batting: SHB Ed Vargas
|
0-0: Foul Ball, location: 2F 0-1: DOUBLE (Flyball, 78D, EV 107.5 MPH)
|
|
Batting: RHB Mike Swift
|
0-0: 2-RUN HOME RUN (Flyball, 8LXD, EV 111.2 MPH), Distance : 425 ft
|
|
Batting: LHB Dallas Kelly
|
0-0: Foul Ball, location: 2F 0-1: DOUBLE (Line Drive, 8RXD, EV 109.4 MPH)
|
|
Batting: LHB Josh Thomas
|
0-0: Ball 1-0: Ball 2-0: Called Strike 2-1: Ball 3-1: Called Strike 3-2: Strikes out swinging
|
|
Batting: SHB Ethan Newby
|
0-0: Fly out, F7 (Flyball, 7, EV 93.1 MPH)
|
| Bottom of the 5th over - 2 runs, 3 hits, 0 errors, 1 left on base; Philadelphia (APP) 2 - Missoula 5 |
| TOP OF THE 6TH |
|
Philadelphia (APP) Phillies batting - Pitching for Missoula Osprey : RHP John Meyer
|
|
Pitching: LHP Ian Tamburrino
|
|
|
Batting: RHB Allen Gravel
|
0-0: Ball 1-0: Called Strike 1-1: Ground out U3 (Groundball, 3D, EV 106.9 MPH)
|
|
Batting: RHB Mike Bell
|
0-0: Ball 1-0: Ball 2-0: Ball 3-0: Called Strike 3-1: Base on Balls
|
|
Batting: RHB Zach Slot
|
0-0: Called Strike 0-1: Foul Ball, location: 2F 0-2: Ball 1-2: SINGLE (Line Drive, 89S, EV 93.8 MPH) Mike Bell to second Runner from 2nd tries for 3rd, OUT! 9-5
|
|
Batting: LHB Emilio Ortez
|
0-0: Foul Ball, location: 2F 0-1: Foul Ball, location: 2F 0-2: Ball 1-2: Strikes out swinging
|
| Top of the 6th over - 0 runs, 1 hit, 0 errors, 1 left on base; Philadelphia (APP) 2 - Missoula 5 |
| BOTTOM OF THE 6TH |
|
Missoula Osprey batting - Pitching for Philadelphia (APP) Phillies : RHP Manny Campos
|
|
Batting: RHB Zach Espinosa
|
0-0: Ball 1-0: Ball 2-0: Foul Ball, location: 2F 2-1: Foul Ball, location: 2F 2-2: Strikes out swinging
|
|
Batting: RHB Matt Bailey
|
0-0: Ball 1-0: Called Strike 1-1: Ball 2-1: Ball 3-1: Base on Balls
|
|
Batting: RHB D.J. Cooke
|
0-0: Ball 1-0: Ball 2-0: Ball 3-0: Base on Balls Matt Bailey to second
|
|
Batting: RHB Orlando Florez
|
0-0: Foul Ball, location: 2F 0-1: Fly out, F9 (Flyball, 89S, EV 96.2 MPH)
|
|
Batting: SHB Ed Vargas
|
0-0: Ball 1-0: Fielders Choice at 2nd, 6-4 (Groundball, 6, EV 92.5 MPH)
|
| Bottom of the 6th over - 0 runs, 0 hits, 0 errors, 2 left on base; Philadelphia (APP) 2 - Missoula 5 |
| TOP OF THE 7TH |
|
Philadelphia (APP) Phillies batting - Pitching for Missoula Osprey : LHP Ian Tamburrino
|
|
Pitching: RHP Victor Cisneros
|
|
|
Batting: RHB Lee Wright
|
0-0: Ball 1-0: Ground out 5-3 (Groundball, 5, EV 80.0 MPH)
|
|
Batting: LHB Jesse Haught
|
0-0: Foul Ball, location: 2F 0-1: Ball 1-1: Foul Ball, location: 2F 1-2: SOLO HOME RUN (Flyball, 9D, EV 95.0 MPH), Distance : 352 ft
|
|
Batting: RHB Tony Perez
|
0-0: Ball 1-0: Foul Ball, location: 2F 1-1: Called Strike 1-2: Hit by Pitch
|
|
Batting: RHB Gary Sampson
|
0-0: Called Strike 0-1: Swinging Strike 0-2: Strikes out looking Tony Perez is caught stealing 2nd base 2-4 Batter strikes out.
|
| Top of the 7th over - 1 run, 1 hit, 0 errors, 0 left on base; Philadelphia (APP) 3 - Missoula 5 |
| BOTTOM OF THE 7TH |
|
Missoula Osprey batting - Pitching for Philadelphia (APP) Phillies : RHP Manny Campos
|
|
Pitching: RHP Josh Howell
|
|
|
Batting: RHB Mike Swift
|
0-0: Called Strike 0-1: Swinging Strike 0-2: Strikes out swinging
|
|
Batting: LHB Dallas Kelly
|
0-0: Ball 1-0: SINGLE (Groundball, 6D, EV 107.5 MPH)
|
|
Batting: LHB Josh Thomas
|
0-0: Called Strike 0-1: Swinging Strike 0-2: Strikes out swinging
|
|
Batting: SHB Ethan Newby
|
0-0: Foul Ball, location: 2F 0-1: Ball 1-1: Ball 2-1: Ball 3-1: Foul Ball, location: 2F 3-2: Base on Balls Dallas Kelly to second
|
|
Batting: RHB Zach Espinosa
|
0-0: Ball 1-0: Foul Ball, location: 2F 1-1: Ball 2-1: Reached on error, E6 (Groundball, 6, EV 85.0 MPH) Dallas Kelly to third Ethan Newby to second
|
|
Batting: RHB Matt Bailey
|
0-0: Called Strike 0-1: Called Strike 0-2: Ball 1-2: Foul Ball, location: 2F 1-2: Ground out 6-3 (Groundball, 6S, EV 81.9 MPH)
|
| Bottom of the 7th over - 0 runs, 1 hit, 1 error, 3 left on base; Philadelphia (APP) 3 - Missoula 5 |
| TOP OF THE 8TH |
|
Philadelphia (APP) Phillies batting - Pitching for Missoula Osprey : RHP Victor Cisneros
|
|
Pitching: RHP Edwin Martinez
|
|
|
Batting: LHB Joel Moore
|
0-0: Swinging Strike 0-1: Foul Ball, location: 2F 0-2: Ball 1-2: Ball 2-2: Ball 3-2: Base on Balls
|
|
Batting: RHB Allen Gravel
|
0-0: Swinging Strike 0-1: Fly out, F9 (Flyball, 9, EV 90.6 MPH)
|
|
Batting: RHB Mike Bell
|
0-0: Ball 1-0: Ball 2-0: Called Strike 2-1: DOUBLE (Line Drive, 9LM, EV 101.2 MPH) Joel Moore to third
|
|
Batting: RHB Zach Slot
|
0-0: Ball 1-0: Swinging Strike 1-1: Ball 2-1: Ball 3-1: Called Strike 3-2: Strikes out swinging
|
|
Batting: LHB Emilio Ortez
|
0-0: Ball 1-0: Foul Ball, location: 2F 1-1: Foul Ball, location: 2F 1-2: Ball Passed Ball! Joel Moore scores Mike Bell to third 2-2: Ball 3-2: Foul Ball, location: 2F 3-2: Foul Ball, location: 2F 3-2: Base on Balls
|
|
Batting: RHB Lee Wright
|
0-0: Foul Ball, location: 2F 0-1: Foul Ball, location: 2F 0-2: Strikes out swinging
|
| Top of the 8th over - 1 run, 1 hit, 0 errors, 2 left on base; Philadelphia (APP) 4 - Missoula 5 |
| BOTTOM OF THE 8TH |
|
Missoula Osprey batting - Pitching for Philadelphia (APP) Phillies : RHP Josh Howell
|
|
Batting: RHB D.J. Cooke
|
0-0: Called Strike 0-1: Called Strike 0-2: Ball 1-2: Strikes out swinging
|
|
Batting: RHB Orlando Florez
|
0-0: Called Strike 0-1: Ball 1-1: Called Strike 1-2: Hit by Pitch
|
|
Batting: SHB Ed Vargas
|
0-0: Ball 1-0: Foul Ball, location: 2F 1-1: Ball 2-1: SINGLE (Groundball, 4MD, EV 109.4 MPH) Orlando Florez to second
|
|
Batting: RHB Mike Swift
|
0-0: Called Strike 0-1: Ball Wild Pitch! Orlando Florez to third Ed Vargas to second 1-1: Foul Ball, location: 2F 1-2: Foul Ball, location: 2F 1-2: Ball 2-2: Ground out 6-3 (Groundball, 6, EV 103.1 MPH)
|
|
Batting: LHB Dallas Kelly
|
0-0: Called Strike 0-1: SINGLE (Line Drive, 8RS, EV 92.5 MPH) Orlando Florez scores Ed Vargas to third Runner from 3rd tries for Home, SAFE, throw by CF to home
|
|
Batting: LHB Josh Thomas
|
0-0: Swinging Strike 0-1: Called Strike 0-2: Ball Wild Pitch! Dallas Kelly to second 1-2: Strikes out swinging
|
| Bottom of the 8th over - 2 runs, 2 hits, 0 errors, 1 left on base; Philadelphia (APP) 4 - Missoula 7 |
| TOP OF THE 9TH |
|
Philadelphia (APP) Phillies batting - Pitching for Missoula Osprey : RHP Edwin Martinez
|
|
Pitching: LHP Josh Hubbard
|
|
|
Batting: LHB Jesse Haught
|
0-0: Called Strike 0-1: Called Strike 0-2: Ball 1-2: Ball 2-2: Strikes out swinging
|
|
Batting: RHB Tony Perez
|
0-0: Called Strike 0-1: Called Strike 0-2: Ball 1-2: Strikes out swinging
|
|
Batting: RHB Gary Sampson
|
0-0: Ball 1-0: Ground out 4-3 (Groundball, 4, EV 86.9 MPH)
|
| Top of the 9th over - 0 runs, 0 hits, 0 errors, 0 left on base; Philadelphia (APP) 4 - Missoula 7 |
|